 Dungeon Crawl Stone Soup version 0.29.0-4-gdea44cf6ec (webtiles) character file.

Game seed: 16053071527629229800

3 qw the Vexing (level 1, -2/16 HPs)
             Began as an Ogre Enchanter on Sept 3, 2022.
             Slain by a hobgoblin (3 damage)
             ... on level 1 of the Dungeon.
             The game lasted 00:00:14 (229 turns).

qw the Vexing (Ogre Enchanter)                       Turns: 229, Time: 00:00:14

Health: -2/16      AC:  3    Str: 11    XL:     1   Next: 50%
Magic:  3/3        EV:  9    Int: 16    God:
Gold:   0          SH:  0    Dex:  9    Spells: 4/4 levels left

rFire   . . .      SeeInvis .   e - +0 club
rCold   . . .      Faith    .   (no shield)
rNeg    . . .      Spirit   .   b - +0 robe
rPois   .          Reflect  .   (helmet restricted)
rElec   .          Harm     .   (no cloak)
rCorr   .          Rampage  .   (gloves unavailable)
Will    .....                   (boots unavailable)
Stlth   ++........              (no amulet)
HPRegen 0.05/turn               (no ring)
MPRegen 0.08/turn               (no ring)

@: no status effects
A: large, unfitting armour, tough skin 1
a: no special abilities


You were on level 1 of the Dungeon.
You visited 1 branch of the dungeon, and saw 1 of its levels.


Innate Abilities, Weirdness & Mutations

You are too large for most types of armour.
You have tough skin. (AC +1)


   Skills:
 - Level 0.8 Short Blades
 + Level 1.0 Axes
 - Level 1.7 Dodging
 - Level 2.1 Stealth
 - Level 2.4 Spellcasting
 - Level 2.6 Hexes


You had 4 spell levels left.
You didn't know any spells.
Your spell library contained the following spells:

 Spells                   Type           Power      Damage    Failure   Level
 Ensorcelled Hibernation  Hex/Ice        12%        N/A       17%         2
 Confusing Touch          Hex            10%        N/A       21%         3
 Tukima's Dance           Hex            10%        N/A       21%         3
 Dazzling Flash           Conj/Hex       12%        N/A       34%         3

Inventory:

Hand Weapons
 e - a +0 club (weapon)
Armour
 b - a +0 robe (worn)
Scrolls
 a - a scroll of teleportation {unknown}
 d - a scroll of identify {unknown}
Potions
 c - 2 potions of invisibility
 f - a potion of might {unknown}
 g - a potion of curing {unknown}

Dungeon Overview and Level Annotations

Branches:
Dungeon (1/15)

Altars:


Message History

The goblin shouts!
You hear a shout!
A hobgoblin comes into view.
A bat comes into view.
The goblin hits you with a +0 club.
The bat moves out of view.
The endoplasm quivers.
You hit the goblin.
The goblin is severely wounded.
The endoplasm jiggles.
The goblin hits you with a +0 club. The hobgoblin closely misses you.
The goblin hits you with a +0 club.
217 ||| Stepping ~*~*~tactically~*~*~ (outnumbered).
The goblin attacks as you move away! The goblin closely misses you.
The hobgoblin attacks as you move away! The hobgoblin hits you.
You barely miss the goblin.
The goblin is moderately wounded.
The goblin closely misses you.
219 ||| Stepping ~*~*~tactically~*~*~ (outnumbered).
The goblin attacks as you move away! The goblin closely misses you.
220 ||| Stepping ~*~*~tactically~*~*~ (outnumbered).
The hobgoblin attacks as you move away! The hobgoblin hits you.
221 ||| Stepping ~*~*~tactically~*~*~ (outnumbered).
222 ||| Stepping ~*~*~tactically~*~*~ (outnumbered).
223 ||| Stepping ~*~*~tactically~*~*~ (outnumbered).
The goblin attacks as you move away! The goblin barely misses you.
224 ||| Stepping ~*~*~tactically~*~*~ (outnumbered).
The hobgoblin attacks as you move away!
The hobgoblin hits you but does no damage.
The goblin attacks as you move away! The goblin hits you with a +0 club.
225 ||| Stepping ~*~*~tactically~*~*~ (outnumbered).
You hit the goblin.
You kill the goblin!
Your Axes skill increases to level 1!
You barely miss the hobgoblin. The hobgoblin hits you.
The hobgoblin hits you but does no damage.
You barely miss the hobgoblin. The hobgoblin hits you.
You completely miss the hobgoblin. The hobgoblin hits you.
You die...

#######
########.......
###...........#
#.g..........$...
#@#.######.##.###
#.#.# .# # #.#.#
.# #...# .# ##
##..# .. #.# #..#
# ..
#.##..###.##..
#.#..........
#...........


You could see a hobgoblin.

Vanquished Creatures
  3 goblins (D:1)
  A ball python (D:1)
4 creatures vanquished.

Notes
Turn   | Place    | Note
-------+----------+-------------------------------------------
     0 | D:1      | qw the Ogre Enchanter began the quest for the Orb.
     0 | D:1      | Reached XP level 1. HP: 16/16 MP: 3/3
     0 | D:1      | 0 ||| qw: Version: 0.1-a-102-g441f92d
     0 | D:1      | 0 ||| qw: Game counter: 5265
     0 | D:1      | 0 ||| qw: Always use a shield: true
     0 | D:1      | 0 ||| qw: God list: Okawaru
     0 | D:1      | 0 ||| qw: Allow faded altars: false
     0 | D:1      | 0 ||| qw: Do Orc after D:15 true
     0 | D:1      | 0 ||| qw: Do second Lair branch before Depths: true
     0 | D:1      | 0 ||| qw: Lair rune preference: random
     0 | D:1      | 0 ||| qw: Plans: Normal
     0 | D:1      | 0 ||| PLANNING D:1-11
    83 | D:1      | 83 ||| SWAPPING to +0 club.
    84 | D:1      | 84 ||| DROPPING +1 dagger.
   217 | D:1      | 217 ||| Stepping ~*~*~tactically~*~*~ (outnumbered).
   219 | D:1      | 219 ||| Stepping ~*~*~tactically~*~*~ (outnumbered).
   220 | D:1      | 220 ||| Stepping ~*~*~tactically~*~*~ (outnumbered).
   221 | D:1      | 221 ||| Stepping ~*~*~tactically~*~*~ (outnumbered).
   222 | D:1      | 222 ||| Stepping ~*~*~tactically~*~*~ (outnumbered).
   223 | D:1      | 223 ||| Stepping ~*~*~tactically~*~*~ (outnumbered).
   224 | D:1      | 224 ||| Stepping ~*~*~tactically~*~*~ (outnumbered).
   225 | D:1      | 225 ||| Stepping ~*~*~tactically~*~*~ (outnumbered).
   227 | D:1      | Reached skill level 1 in Axes
   227 | D:1      | HP: 4/16 [hobgoblin (1)]
   228 | D:1      | HP: 1/16 [hobgoblin (3)]
   229 | D:1      | Slain by a hobgoblin

Levels and vault maps discovered:
D:1:      dpeg_arrival_simpleton_b, layout_loops_ring, serial_shops,
          nicolae_square_shop

Skill      XL: |  1 |
---------------+----+-----
Axes           | 1 |  1.0
Short Blades   | |  0.8
Dodging        | |  1.7
Stealth        | |  2.1
Spellcasting   | |  2.4
Hexes          | |  2.6

Action                   || total
-------------------------++-------
Melee: Club              ||    16
       Dagger            ||    10
Armor: Robe              ||     9
Dodge: Dodged            ||    14

Table legend:
 A = Non-vault XP
 B = Vault XP
 C = Vault XP percentage of total XP
 D = Non-vault monster count
 E = Vault monster count
 F = Vault count percentage of total count
                 A         B        C        D         E       F
            +---------+---------+-------+---------+---------+-------
      Total |       5 |       0 |   0.0 |       4 |       0 |   0.0
            +---------+---------+-------+---------+---------+-------
        D:1 |       5 |       0 |   0.0 |       4 |       0 |   0.0
            +---------+---------+-------+---------+---------+-------
